TOP OF THE 1ST |
Tacoma Rainiers batting - Pitching for Puerto Vallarta Tiburones : RHP Elias Anderson
|
Pitching: RHP Elias Anderson
|
|
Batting: RHB Ignacio Pérez
|
0-0: Called Strike 0-1: Ball 1-1: Called Strike 1-2: Foul Ball, location: 2RF 1-2: Ball 2-2: Ball 3-2: Fly out, F3 (Popup, 23F, EV 88.8 MPH)
|
Batting: RHB Kelly Mack
|
0-0: Called Strike 0-1: Ball 1-1: Called Strike 1-2: Fly out, F7 (Line Drive, 7D, EV 96.3 MPH)
|
Batting: LHB Bálint Krizsán
|
0-0: Ball 1-0: Ball 2-0: Called Strike 2-1: Swinging Strike 2-2: Ground out 4-3 (Groundball, 34D, EV 92.5 MPH)
|
Top of the 1st over - 0 runs, 0 hits, 0 errors, 0 left on base; Tacoma 0 - Puerto Vallarta 0 |
BOTTOM OF THE 1ST |
Puerto Vallarta Tiburones batting - Pitching for Tacoma Rainiers : RHP Luís Amparan
|
Pitching: RHP Luís Amparan
|
|
Batting: RHB August Nguyên
|
0-0: Ball 1-0: Ball 2-0: SINGLE (Groundball, 34S, EV 78.8 MPH) (infield hit)
|
Batting: RHB Tynan Behe
|
0-0: Ball 1-0: Called Strike 1-1: Ball 2-1: Fielders Choice at 2nd, 1-6 (Groundball, 34S, EV 68.8 MPH)
|
Batting: LHB Jatupong Chanabut
|
0-0: Ball 1-0: Ball 2-0: SINGLE (Groundball, 6MS, EV 80.6 MPH) (infield hit) Tynan Behe to second
|
Batting: RHB Jason Dawson
|
0-0: DOUBLE (Line Drive, 7LD, EV 107.5 MPH) Tynan Behe scores Jatupong Chanabut to third
|
Batting: LHB Lonzo Naranjo
|
0-0: Ball 1-0: Called Strike 1-1: SINGLE (Groundball, 4, EV 93.8 MPH) Jatupong Chanabut scores Jason Dawson to third Runner from 3rd tries for Home, SAFE, throw by CF to home
|
Batting: RHB Yansey Vargas
|
0-0: Ball 1-0: Called Strike 1-1: Called Strike Lonzo Naranjo steals 2nd base 1-2: Foul Ball, location: 2F 1-2: Fly out, F7 (Flyball, 78D, EV 100.0 MPH)
|
Batting: RHB Zach Phukkrasae
|
0-0: Called Strike 0-1: Ball 1-1: Ball 2-1: Foul Ball, location: 5F 2-2: Ball 3-2: Strikes out swinging
|
Bottom of the 1st over - 3 runs, 4 hits, 0 errors, 1 left on base; Tacoma 0 - Puerto Vallarta 3 |
TOP OF THE 2ND |
Tacoma Rainiers batting - Pitching for Puerto Vallarta Tiburones : RHP Elias Anderson
|
Batting: RHB Liam Barha
|
0-0: Called Strike 0-1: TRIPLE (Line Drive, 78XD, EV 101.3 MPH)
|
Batting: LHB Blake Wilson
|
0-0: Ball 1-0: Swinging Strike 1-1: Ball 2-1: Called Strike 2-2: Ground out 4-3 (Groundball, 4M, EV 82.5 MPH) Liam Barha scores
|
Batting: RHB Clinton Chapa
|
0-0: Ball 1-0: Ball 2-0: Foul Ball, location: 3F 2-1: Swinging Strike 2-2: Ground out 4-3 (Groundball, 34, EV 85.0 MPH)
|
Batting: RHB Dan Katchen
|
0-0: Ball 1-0: Ball 2-0: Called Strike 2-1: Called Strike 2-2: Ball 3-2: Strikes out swinging
|
Top of the 2nd over - 1 run, 1 hit, 0 errors, 0 left on base; Tacoma 1 - Puerto Vallarta 3 |
BOTTOM OF THE 2ND |
Puerto Vallarta Tiburones batting - Pitching for Tacoma Rainiers : RHP Luís Amparan
|
Batting: LHB Sebastian Ulmer
|
0-0: Called Strike 0-1: Ball 1-1: Ground out 4-3 (Groundball, 4, EV 81.9 MPH)
|
Batting: RHB Diego Chico
|
0-0: Called Strike 0-1: Foul Ball, location: 5FF 0-2: Ball 1-2: Ball 2-2: Strikes out swinging
|
Batting: RHB August Nguyên
|
0-0: SINGLE (Groundball, 3D, EV 110.0 MPH)
|
Batting: RHB Tynan Behe
|
0-0: Foul Ball, location: 7LDF 0-1: Called Strike 0-2: Fly out, F8 (Flyball, 8RM, EV 93.8 MPH)
|
Bottom of the 2nd over - 0 runs, 1 hit, 0 errors, 1 left on base; Tacoma 1 - Puerto Vallarta 3 |
TOP OF THE 3RD |
Tacoma Rainiers batting - Pitching for Puerto Vallarta Tiburones : RHP Elias Anderson
|
Batting: RHB Marino Chavez
|
0-0: Foul Ball, location: 2F 0-1: Foul Ball, location: 3F 0-2: Strikes out swinging
|
Batting: RHB Quang Thinh Dang
|
0-0: Called Strike 0-1: Ball 1-1: Fly out, F6 (Line Drive, 6, EV 73.8 MPH)
|
Batting: RHB Ignacio Pérez
|
0-0: Ball 1-0: Swinging Strike 1-1: Called Strike 1-2: Strikes out looking
|
Top of the 3rd over - 0 runs, 0 hits, 0 errors, 0 left on base; Tacoma 1 - Puerto Vallarta 3 |
BOTTOM OF THE 3RD |
Puerto Vallarta Tiburones batting - Pitching for Tacoma Rainiers : RHP Luís Amparan
|
Batting: LHB Jatupong Chanabut
|
0-0: Ball 1-0: Foul Ball, location: 2LF 1-1: Ground out 5-3 (Groundball, 5, EV 88.8 MPH)
|
Batting: RHB Jason Dawson
|
0-0: Ball 1-0: Ball 2-0: SINGLE (Groundball, 4MD, EV 105.6 MPH)
|
Batting: LHB Lonzo Naranjo
|
0-0: Foul Ball, location: 5F 0-1: Ball Wild Pitch! Jason Dawson to second 1-1: Ball 2-1: Ball 3-1: Called Strike 3-2: Base on Balls
|
Batting: RHB Yansey Vargas
|
0-0: Ball 1-0: Ball 2-0: Fly out, F7 (Line Drive, 78M, EV 93.8 MPH)
|
Batting: RHB Zach Phukkrasae
|
0-0: Ball 1-0: SINGLE (Line Drive, 34D, EV 98.1 MPH) Jason Dawson to third Lonzo Naranjo to second
|
Batting: LHB Sebastian Ulmer
|
0-0: SINGLE (Groundball, 34D, EV 95.6 MPH) Jason Dawson scores Lonzo Naranjo to third Zach Phukkrasae to second
|
Batting: RHB Diego Chico
|
0-0: Foul Ball, location: 3DF 0-1: Ball 1-1: SINGLE (Groundball, 34S, EV 61.9 MPH) (infield hit) Lonzo Naranjo scores Zach Phukkrasae to third Sebastian Ulmer to second
|
Batting: RHB August Nguyên
|
0-0: Called Strike 0-1: Ball 1-1: Fielders Choice at 2nd, 6-4 (Groundball, 6, EV 108.1 MPH)
|
Bottom of the 3rd over - 2 runs, 4 hits, 0 errors, 3 left on base; Tacoma 1 - Puerto Vallarta 5 |
TOP OF THE 4TH |
Tacoma Rainiers batting - Pitching for Puerto Vallarta Tiburones : RHP Elias Anderson
|
Batting: RHB Kelly Mack
|
0-0: Ball 1-0: Ball 2-0: Swinging Strike 2-1: Ball 3-1: Foul Ball, location: 23FF 3-2: Foul Ball, location: 2F 3-2: Base on Balls
|
Batting: LHB Bálint Krizsán
|
0-0: Called Strike 0-1: Grounds into double play, 5-4-3 (Groundball, 56S, EV 86.9 MPH)
|
Batting: RHB Liam Barha
|
0-0: Fly out, F9 (Line Drive, 9, EV 99.4 MPH)
|
Top of the 4th over - 0 runs, 0 hits, 0 errors, 0 left on base; Tacoma 1 - Puerto Vallarta 5 |
BOTTOM OF THE 4TH |
Puerto Vallarta Tiburones batting - Pitching for Tacoma Rainiers : RHP Luís Amparan
|
Batting: RHB Tynan Behe
|
0-0: TRIPLE (Line Drive, 89XD, EV 100.0 MPH)
|
Batting: LHB Jatupong Chanabut
|
0-0: Called Strike 0-1: Foul Ball, location: 2F 0-2: Strikes out swinging
|
Batting: RHB Jason Dawson
|
0-0: Ball 1-0: SINGLE (Flyball, 5D, EV 98.1 MPH) Tynan Behe scores
|
Pitching: RHP Thaddeus Stevenson
|
|
Batting: LHB Lonzo Naranjo
|
0-0: Called Strike 0-1: Fielders Choice at 2nd, 6-4 (Groundball, 6, EV 85.0 MPH)
|
Batting: RHB Yansey Vargas
|
0-0: Called Strike Lonzo Naranjo steals 2nd base (no throw) 0-1: Swinging Strike 0-2: Ball 1-2: Fly out, F8 (Flyball, 8RM, EV 84.4 MPH)
|
Bottom of the 4th over - 1 run, 2 hits, 0 errors, 1 left on base; Tacoma 1 - Puerto Vallarta 6 |
TOP OF THE 5TH |
Tacoma Rainiers batting - Pitching for Puerto Vallarta Tiburones : RHP Elias Anderson
|
Batting: LHB Blake Wilson
|
0-0: Foul Ball, location: 3F 0-1: Ball 1-1: DOUBLE (Line Drive, 78D, EV 105.6 MPH)
|
Batting: RHB Clinton Chapa
|
0-0: Ball 1-0: Ground out 2-3 (Groundball, 15S, EV 65.6 MPH)
|
Batting: RHB Dan Katchen
|
0-0: Ball 1-0: Ball 2-0: Swinging Strike 2-1: Ball 3-1: Fly out, F7 (Flyball, 7, EV 90.6 MPH)
|
Batting: RHB Marino Chavez
|
0-0: Ball 1-0: Foul Ball, location: 9LDF 1-1: Ground out 6-3 (Groundball, 56, EV 86.9 MPH)
|
Top of the 5th over - 0 runs, 1 hit, 0 errors, 1 left on base; Tacoma 1 - Puerto Vallarta 6 |
BOTTOM OF THE 5TH |
Puerto Vallarta Tiburones batting - Pitching for Tacoma Rainiers : RHP Thaddeus Stevenson
|
Batting: RHB Zach Phukkrasae
|
0-0: Ball 1-0: Foul Ball, location: 5SF 1-1: Ball 2-1: Swinging Strike 2-2: Strikes out swinging
|
Batting: LHB Sebastian Ulmer
|
0-0: Called Strike 0-1: Ball 1-1: Reached on error, E5 (Groundball, 5L, EV 91.3 MPH)
|
Batting: RHB Diego Chico
|
0-0: Ball Wild Pitch! Sebastian Ulmer to second 1-0: Called Strike 1-1: Foul Ball, location: 2F 1-2: SINGLE (Groundball, 6MD, EV 98.8 MPH) Sebastian Ulmer to third
|
Batting: RHB August Nguyên
|
0-0: Called Strike 0-1: Foul Ball, location: 3SF 0-2: Ball 1-2: 3-RUN HOME RUN (Flyball, 78XD, EV 100.0 MPH), Distance : 408 ft
|
Batting: RHB Tynan Behe
|
0-0: Ball 1-0: Called Strike 1-1: Foul Ball, location: 9LDF 1-2: Ball 2-2: Foul Ball, location: 2F 2-2: Foul Ball, location: 2F 2-2: SINGLE (Line Drive, 9S, EV 92.5 MPH)
|
Batting: LHB Jatupong Chanabut
|
0-0: Swinging Strike 0-1: Foul Ball, location: 2F 0-2: Ball 1-2: Ball 2-2: SINGLE (Flyball, 34D, EV 96.3 MPH) Tynan Behe to second
|
Batting: RHB Jason Dawson
|
0-0: Ball 1-0: Called Strike 1-1: Swinging Strike 1-2: Fly out, F7 (Line Drive, 7S, EV 91.3 MPH)
|
Batting: LHB Lonzo Naranjo
|
0-0: SINGLE (Flyball, 8LS, EV 92.5 MPH) Tynan Behe to third Jatupong Chanabut to second Runner from 3rd tries for Home, SAFE, throw by CF to home
|
Batting: RHB Yansey Vargas
|
0-0: Ball 1-0: Swinging Strike 1-1: Called Strike 1-2: Ball 2-2: Ball 3-2: Base on Balls Jatupong Chanabut to third Lonzo Naranjo to second
|
Batting: RHB Zach Phukkrasae
|
0-0: Foul Ball, location: 25FF 0-1: Foul Ball, location: 23F 0-2: Ball 1-2: Fielders Choice at 2nd, 6-4 (Groundball, 6, EV 110.0 MPH)
|
Bottom of the 5th over - 4 runs, 5 hits, 1 error, 3 left on base; Tacoma 1 - Puerto Vallarta 10 |
TOP OF THE 6TH |
Tacoma Rainiers batting - Pitching for Puerto Vallarta Tiburones : RHP Elias Anderson
|
Batting: RHB Quang Thinh Dang
|
0-0: Fly out, F9 (Flyball, 89M, EV 80.6 MPH)
|
Batting: RHB Ignacio Pérez
|
0-0: Called Strike 0-1: Ball 1-1: Called Strike 1-2: Fly out, F4 (Flyball, 4D, EV 85.6 MPH)
|
Batting: RHB Kelly Mack
|
0-0: Ball 1-0: Foul Ball, location: 2F 1-1: Foul Ball, location: 5FF 1-2: Fly out, F8 (Flyball, 8LD, EV 86.3 MPH)
|
Top of the 6th over - 0 runs, 0 hits, 0 errors, 0 left on base; Tacoma 1 - Puerto Vallarta 10 |
BOTTOM OF THE 6TH |
Puerto Vallarta Tiburones batting - Pitching for Tacoma Rainiers : RHP Thaddeus Stevenson
|
Batting: LHB Sebastian Ulmer
|
0-0: Ball 1-0: Called Strike 1-1: Called Strike 1-2: Strikes out swinging
|
Batting: RHB Diego Chico
|
0-0: Ball 1-0: Ball 2-0: SINGLE (Line Drive, 6D, EV 100.6 MPH)
|
Pitching: RHP Noah Parkinson
|
|
Batting: RHB August Nguyên
|
0-0: Ball 1-0: Ball 2-0: Ball 3-0: Base on Balls Diego Chico to second
|
Batting: RHB Tynan Behe
|
0-0: Called Strike 0-1: Ball 1-1: Called Strike 1-2: Ball 2-2: Ball 3-2: Base on Balls Diego Chico to third August Nguyên to second
|
Batting: LHB Jatupong Chanabut
|
0-0: Ball 1-0: Ball 2-0: Fly out, F7 (Flyball, 7S, EV 90.6 MPH)
|
Batting: RHB Jason Dawson
|
0-0: Foul Ball, location: 2F 0-1: Ball 1-1: Swinging Strike 1-2: Strikes out swinging
|
Bottom of the 6th over - 0 runs, 1 hit, 0 errors, 3 left on base; Tacoma 1 - Puerto Vallarta 10 |
TOP OF THE 7TH |
Tacoma Rainiers batting - Pitching for Puerto Vallarta Tiburones : RHP Elias Anderson
|
Batting: LHB Bálint Krizsán
|
0-0: Fly out, F8 (Flyball, 8RD, EV 109.4 MPH)
|
Batting: RHB Liam Barha
|
0-0: Called Strike 0-1: Fly out, F9 (Line Drive, 9, EV 96.9 MPH)
|
Batting: LHB Blake Wilson
|
0-0: Called Strike 0-1: Ball 1-1: Foul Ball, location: 2F 1-2: Ball 2-2: Foul Ball, location: 5DF 2-2: Fly out, F7 (Flyball, 7D, EV 90.6 MPH)
|
Top of the 7th over - 0 runs, 0 hits, 0 errors, 0 left on base; Tacoma 1 - Puerto Vallarta 10 |
BOTTOM OF THE 7TH |
Puerto Vallarta Tiburones batting - Pitching for Tacoma Rainiers : RHP Noah Parkinson
|
Batting: LHB Lonzo Naranjo
|
0-0: Ball 1-0: Ball 2-0: Fly out, F4 (Popup, 34S, EV 79.4 MPH)
|
Batting: RHB Yansey Vargas
|
0-0: Ball 1-0: Ball 2-0: Swinging Strike 2-1: Foul Ball, location: 5SF 2-2: Foul Ball, location: 3SF 2-2: Strikes out swinging
|
Batting: RHB Zach Phukkrasae
|
0-0: Ball 1-0: Ball 2-0: Called Strike 2-1: Swinging Strike 2-2: Foul Ball, location: 23FF 2-2: Fly out, F4 (Popup, 34, EV 76.9 MPH)
|
Bottom of the 7th over - 0 runs, 0 hits, 0 errors, 0 left on base; Tacoma 1 - Puerto Vallarta 10 |
TOP OF THE 8TH |
Tacoma Rainiers batting - Pitching for Puerto Vallarta Tiburones : RHP Elias Anderson
|
Batting: RHB Clinton Chapa
|
0-0: Ball 1-0: Called Strike 1-1: Foul Ball, location: 9LMF 1-2: Ball 2-2: Foul Ball, location: 5SF 2-2: SOLO HOME RUN (Flyball, 9LD, EV 91.9 MPH), Distance : 348 ft
|
Batting: RHB Dan Katchen
|
0-0: Foul Ball, location: 9LSF 0-1: Ball 1-1: Fly out, F8 (Line Drive, 8RS, EV 93.1 MPH)
|
Batting: RHB Marino Chavez
|
0-0: Ball 1-0: Ball 2-0: Called Strike 2-1: Foul Ball, location: 23F 2-2: Ball 3-2: Strikes out swinging
|
Batting: RHB Quang Thinh Dang
|
0-0: Foul Ball, location: 2F 0-1: Swinging Strike 0-2: Ball 1-2: Strikes out swinging
|
Top of the 8th over - 1 run, 1 hit, 0 errors, 0 left on base; Tacoma 2 - Puerto Vallarta 10 |
BOTTOM OF THE 8TH |
Puerto Vallarta Tiburones batting - Pitching for Tacoma Rainiers : RHP Noah Parkinson
|
Batting: LHB Sebastian Ulmer
|
0-0: Ball 1-0: Called Strike 1-1: Foul Ball, location: 7LDF 1-2: Foul Ball, location: 2F 1-2: Strikes out looking
|
Batting: RHB Diego Chico
|
0-0: Ball 1-0: Called Strike 1-1: Called Strike 1-2: Foul Ball, location: 2F 1-2: Foul Ball, location: 2F 1-2: Ball 2-2: Foul Ball, location: 9LDF 2-2: Strikes out swinging
|
Pitching: RHP Lamberto Mayor
|
|
Batting: RHB August Nguyên
|
0-0: Foul Ball, location: 5F 0-1: Ball 1-1: Foul Ball, location: 2F 1-2: Foul Ball, location: 2F 1-2: SINGLE (Line Drive, 7S, EV 103.1 MPH)
|
Batting: RHB Tynan Behe
|
0-0: Ball 1-0: Foul Ball, location: 9LDF 1-1: Ball 2-1: Swinging Strike 2-2: Fly out, F6 (Line Drive, 6D, EV 63.1 MPH)
|
Bottom of the 8th over - 0 runs, 1 hit, 0 errors, 1 left on base; Tacoma 2 - Puerto Vallarta 10 |
TOP OF THE 9TH |
Tacoma Rainiers batting - Pitching for Puerto Vallarta Tiburones : RHP Elias Anderson
|
Batting: RHB Ignacio Pérez
|
0-0: Ball 1-0: Ball 2-0: Fly out, F9 (Line Drive, 9, EV 90.6 MPH)
|
Batting: RHB Kelly Mack
|
0-0: Called Strike 0-1: Fly out, F8 (Flyball, 8RXD, EV 93.8 MPH)
|
Batting: LHB Bálint Krizsán
|
0-0: Foul Ball, location: 9LDF 0-1: Ground out U3 (Groundball, 3, EV 85.6 MPH)
|
Top of the 9th over - 0 runs, 0 hits, 0 errors, 0 left on base; Tacoma 2 - Puerto Vallarta 10 |
|